 Dungeon Crawl Stone Soup version 0.28.0-53-g5a82cb258f (console) character file.

Game seed: 15315856903691850135

1122 erker the Changer (level 8, -3/46 HPs)
             Began as an Octopode Earth Elementalist on July 4, 2022.
             Slain by a phantom (9 damage)
             ... on level 4 of the Dungeon.
             The game lasted 00:24:07 (5831 turns).

erker the Changer (Octopode Earth Elementalist)     Turns: 5831, Time: 00:24:07

Health: -3/46      AC:  1    Str:  8    XL:     8   Next: 35%
Magic:  14/14      EV: 13    Int: 19    God:
Gold:   126        SH:  0    Dex: 12    Spells: 8/15 levels left

rFire   + . .      SeeInvis .   a - +0 dagger (venom)
rCold   . . .      Faith    .   (no shield)
rNeg    . . .      Spirit   .   (helmet restricted)
rPois   .          Reflect  .   t - amulet of magic regeneration
rElec   .          Harm     .   q - ring of protection from fire
rCorr   .          Rampage  .   (no ring)
Will    .....                   (no ring)
Stlth   +++.......              (no ring)
HPRegen 0.15/turn               (no ring)
MPRegen 0.54/turn               (no ring)
                                (no ring)
                                (no ring)

@: no status effects
A: almost no armour, amphibious, 8 rings, camouflage 1, gelatinous body 1,
(nimble swimmer 1), tentacles
a: no special abilities


You were on level 4 of the Dungeon.
You visited 1 branch of the dungeon, and saw 5 of its levels.

You collected 126 gold pieces.

Inventory:

Hand Weapons
 a - a +0 dagger of venom (weapon)
 n - a +1 vampiric spear
Missiles
 b - 69 stones
 l - 57 sling bullets
Magical Staves
 y - a staff of cold
 A - a staff of air
Jewellery
 q - a ring of protection from fire (left tentacle)
 t - an amulet of magic regeneration (around mantle)
Wands
 h - a wand of polymorph (8)
 i - a wand of charming (12)
 z - a wand of mindburst (6)
Scrolls
 c - 2 scrolls of immolation {unknown}
 d - 2 scrolls of fog {unknown}
 f - 4 scrolls of identify {unknown}
 g - 2 scrolls of blinking {unknown}
 j - a scroll of silence {unknown}
 k - 2 scrolls of teleportation {unknown}
 m - a scroll of summoning {unknown}
 p - a scroll of vulnerability {unknown}
 r - a scroll of amnesia {unknown}
 s - a scroll of magic mapping {unknown}
 v - a scroll of acquirement {unknown}
 x - a scroll of enchant weapon {unknown}
 B - a scroll of brand weapon {unknown}
Potions
 e - 3 potions of mutation {unknown}
 o - 2 potions of haste {unknown}
 u - a potion of might {unknown}
 w - a potion of heal wounds {unknown}


   Skills:
 - Level 2.0 Short Blades
 - Level 2.0 Dodging
 - Level 4.0 Stealth
 - Level 4.0 Spellcasting
 + Level 6.3 Transmutations
 - Level 6.0 Earth Magic


You had 8 spell levels left.
You knew the following spells:

 Your Spells              Type           Power      Damage    Failure   Level
a - Sandblast             Erth           52%        2d12      1%          1
p - Petrify               Tmut/Erth      27%        N/A       11%         4
w - Passwall              Tmut/Erth      22%        N/A       1%          2

Your spell library contained the following spells:

 Spells                   Type           Power      Damage    Failure   Level
 Stone Arrow              Conj/Erth      30%        3d8       12%         3
 Shock                    Conj/Air       12%        1d3       14%         1
 Swiftness                Air            3%         N/A       38%         3
 Airstrike                Air            1%         N/A       80%         4


Dungeon Overview and Level Annotations

Branches:
Dungeon (5/15)
 Temple: D:4-7

Altars:
Dithmenos

Annotations:
D:4 2 runed translucent doors


Innate Abilities, Weirdness & Mutations

You cannot wear most types of armour.
You are amphibious.
You can wear up to eight rings at the same time.
Your skin changes colour to match your surroundings (Stealth+).
Your rubbery body absorbs attacks. (AC +1, EV +1)
((You are camouflaged when in or above water. (Stealth+)))
You have tentacles for arms and can constrict up to eight enemies at once.


Message History

Confirm with . or Enter, or press ? or * to list all spells.
Aiming: Sandblast (safe; 1% risk of failure)
Press: ? - help, Shift-Dir - straight line, f - phantom
Aim: a phantom (73% to hit)
The blast of sand misses the phantom.
Magic restored.
You climb upwards.
Level annotation: 2 runed translucent doors
There is a stone staircase leading down here.
You start resting.
The sentinel's mark upon you fades away.
You start resting.
HP restored.
You climb downwards.
The phantom hits you.
The phantom blinks!
You blink.
A gnoll shaman comes into view. It is wielding a +0 whip.
Found a potion of curing.
Casting: Sandblast (safe; 1% risk of failure)
Confirm with . or Enter, or press ? or * to list all spells.
Aiming: Sandblast (safe; 1% risk of failure)
Press: ? - help, Shift-Dir - straight line, f - phantom
Aim: a phantom (73% to hit)
The blast of sand misses the phantom.
The phantom hits you!
The phantom blinks!
You blink.
A gnoll comes into view. It is wielding a +0 whip.
An iguana comes into view.
The phantom hits you!
The phantom blinks!
You blink.
The gnoll barely misses you.
The iguana hisses angrily.
A scorpion zombie comes into view.
The iguana bites you! The scorpion zombie hits you.
The iguana closely misses you.
There is a stone staircase leading up, spattered with blood here.
The scorpion zombie hits you. The iguana bites you!
* * * LOW HITPOINT WARNING * * *
The phantom hits you but does no damage.
You climb upwards.
Level annotation: 2 runed translucent doors
There is a stone staircase leading down here.
The phantom hits you!
You die...

)#....#####.###..# #............
##....# #.## ##.####............
#...#.#####.###..........#....###
.............#.####..##.###.#.#
###.#[#####.#.#####..##..#..#.#
#.#.# #..........###<..##.#
###.#.#####.)##.####.# #..###.#
.............##.####.# #..###.###
###..######....l@....# #.........
#..# #..##W###### ##.###.### #..#
#.[#...########.###.### ###..#
#....#........#........ .....#
##.#......###.#####)#.. ####.#
#.##..###.##.#####.#.# ####.#
#.###.# #............. .....# #.#
#.###.#........... .....# #.#
##...##.########..


You could see a phantom and an iguana.

Vanquished Creatures
  Sigmund (D:2)
  A yak (D:4)
  An acid dragon (D:4)
  A necrophage (D:4)
  2 ogres (D:4)
  A phantom (D:3)
  A killer bee (D:4)
  A hound (D:5)
  An orc wizard (D:4)
  2 iguanas (D:4)
  Robin (D:2)
  7 adders
  An ufetubus (D:5)
  2 adder skeletons (D:4)
  3 worms
  A dart slug (D:1)
  12 orcs
  8 bats
  6 endoplasms
  7 giant cockroaches
  21 goblins
  13 hobgoblins
  A jackal (D:2)
  8 kobolds
  3 quokkas
  11 ball pythons
  4 frilled lizards
  4 rats
125 creatures vanquished.

Notes
Turn   | Place    | Note
-------+----------+-------------------------------------------
     0 | D:1      | erker the Octopode Earth Elementalist began the quest for
                  | the Orb.
     0 | D:1      | Reached XP level 1. HP: 11/11 MP: 3/3
   170 | D:1      | Reached XP level 2. HP: 10/17 MP: 5/5
   796 | D:1      | Reached XP level 3. HP: 20/21 MP: 6/6
   977 | D:2      | Noticed Sigmund
   982 | D:2      | Learned a level 2 spell: Passwall
  1009 | D:2      | Killed Sigmund
  1010 | D:2      | Reached XP level 4. HP: 5/27 MP: 2/7
  1010 | D:2      | Reached XP level 5. HP: 5/31 MP: 2/8
  1646 | D:2      | Reached XP level 6. HP: 36/36 MP: 9/9
  1780 | D:2      | Noticed Robin
  1921 | D:2      | Killed Robin
  2029 | D:2      | Found a faded altar of an unknown god.
  2884 | D:3      | Found a shadowy altar of Dithmenos.
  3158 | D:3      | HP: 1/36 [phantom (10)]
  3164 | D:3      | Reached skill level 5 in Earth Magic
  3604 | D:3      | Learned a level 4 spell: Petrify
  3770 | D:4      | Reached XP level 7. HP: 37/41 MP: 10/10
  3777 | D:4      | Found a large runed translucent door.
  3777 | D:4      | Found a large runed translucent door.
  3883 | D:4      | Found a large runed translucent door.
  3883 | D:4      | Found a large runed translucent door.
  4343 | D:4      | Noticed a yak
  4483 | D:5      | Entered Level 5 of the Dungeon
  4559 | D:4      | Killed a yak
  4560 | D:4      | Reached skill level 5 in Transmutations
  5130 | D:4      | Reached XP level 8. HP: 46/46 MP: 11/11
  5390 | D:4      | Identified the +3 executioner's axe "Zoqah" {venom, Stlth+}
  5831 | D:4      | Slain by a phantom

Illustrated notes

Levels and vault maps discovered:
D:1:      scummos_arrival_checkerplants, layout_basic
D:2:      layout_loops_cross, shapermc_ecumenical_altar_starsandcircs,
          mrwooster_statue_mirror, minmay_joined_circles, uniq_sigmund,
          uniq_robin
D:3:      layout_loops_ring, mainiacjoe_overflow_tiny_flanked,
          hangedman_decor_points
D:4:      layout_loops_ring, minmay_hollow_rounded_squares
D:5:      layout_loops_corners, minmay_temple_entry_trees, hex_tiny,
          minmay_checkerbox, uniq_duvessa, uniq_blork_the_orc

Skill      XL: |  1  2  3  4  5  6  7  8 |
---------------+-------------------------+-----
Stealth        | 3 4 |  4.0
Short Blades   | 2 |  2.0
Transmutations | 3 4 6 |  6.3
Earth Magic    | 4 5 6 |  6.0
Spellcasting   | 4 |  4.0
Dodging        | |  2.0

Action                   |  1- 3 |  4- 6 |  7- 9 || total
-------------------------+-------+-------+-------++-------
Melee: Dagger            |    31 |   156 |    72 ||   259
       Constrict         |     5 |    36 |    15 ||    56
       Tentacles         |     2 |    30 |    16 ||    48
       Punch             |       |     2 |     3 ||     5
 Cast: Sandblast         |     7 |    19 |    13 ||    39
       Passwall          |     1 |     1 |     1 ||     3
       Petrify           |       |       |    14 ||    14
  Use: Potion            |       |     2 |       ||     2
 Stab: Sleeping          |    11 |    16 |     4 ||    31
       Petrified         |       |       |    16 ||    16
Armor: Skin              |       |     8 |     3 ||    11
Dodge: Dodged            |    11 |   100 |    41 ||   152
